Map: Frozen Temple

Players

llllllllllll - Winner!

  • Race: Terran Terran
  • League: Master

Miszu

  • Race: Terran Terran
  • League: Master

VOD

Have the link to the VOD?

Description

Time

  • Played on: April 9, 2016, 3:38 p.m.
  • Length: 3:02
Show
View Real Time Build Order
Export as new Build Order

llllllllllll Terran - Winner!

Build Orders: 1/1/1 

Get SALT Encoding   

  12  0:00  SCV  
  13  0:12  SCV  
  14  0:18  Supply Depot  
  14  0:24  SCV  
  14  0:27  Refinery  
  15  0:39  SCV  
  16  0:45  Barracks  
  16  0:52  SCV  
  16  0:55  Refinery  
  17  1:04  SCV  
  18  1:16  SCV  
  19  1:28  SCV  
  20  1:33  Factory  
  20  1:34  Reaper  
  21  1:40  Orbital Command  
  21  1:50  Supply Depot  
  21  2:06  Reaper  
  22  2:21  Hellion  
  24  2:23  SCV  
  24  2:24  Starport  
  24  2:26  Supply Depot  
  28  2:46  SCV  
Show
View Real Time Build Order
Export as new Build Order

Miszu Terran 

Build Orders:  

Get SALT Encoding   

  12  0:01  SCV  
  13  0:14  SCV  
  14  0:18  Supply Depot  
  14  0:26  SCV  
  15  0:32  Refinery  
  15  0:40  SCV  
  16  0:48  Barracks  
  16  0:52  SCV  
  16  0:54  Refinery  
  18  1:04  SCV  
  18  1:16  SCV  
  19  1:28  SCV  
  20  1:35  Reaper  
  20  1:36  Factory  
  21  1:42  Orbital Command  
  21  1:51  Supply Depot  
  21  2:07  Reaper  
  21  2:08  SCV  
  23  2:20  SCV  
  23  2:21  Hellion  
  25  2:26  Barracks  
  25  2:32  SCV  
  25  2:36  Supply Depot  
  26  2:41  Barracks Tech Lab  
  28  2:46  SCV  
Tags
 
Matchup
TvT
Opening
1/1/1
Race
Terran
Add a new tag
Caveats
  • Supply blocks, unpowered buildings, or Contaminate may cause inaccurate times.
  • Supply counts are checked every 10 seconds.